[Event "German Bundesliga 2022-23"]
[Site "Germany"]
[Date "2022.10.22"]
[Round "1.14"]
[White "Krasenkow, Michal"]
[Black "Boensch, Uwe"]
[Result "1-0"]
[ECO "D37"]
[WhiteElo "2550"]
[BlackElo "2466"]
[Annotator "TA"]
[PlyCount "86"]
[EventDate "2022.10.21"]
[EventType "team-tourn"]
[EventCountry "GER"]
[SourceTitle "playchess.com"]
[Source "ChessBase"]
[SourceQuality "1"]
[TimeControl "40/6000+30:3000+30"]

1. Nf3 d5 2. d4 Nf6 3. c4 e6 4. Nc3 Be7 5. Bf4 O-O 6. a3 {[%emt 0:00:02] D37: Queen's Gambit Declined: 5 Bf4.} dxc4 7. e4 b5 8. Nxb5 {[%emt 0:00:49] White has an edge.} Na6 (8... Bb7 $11) 9. Bxc4 {[%emt 0:03:26] aiming for Qe2. White is more active.} Nxe4 {[%emt 0:04:49] [#]} 10. d5 $146 (10. Qe2 $16 Nf6 11. Nc3) ({Predecessor:} 10. Ne5 Bb7 11. Rc1 c6 12. Nc3 Nd6 13. Bxa6 Bxa6 14. Nxc6 Qd7 15. d5 Qb7 16. Nb4 {0-1 (44) Almutawaa,S (1019)-Alazmi,A (1490) Kuwait 2020}) 10... Nd6 $11 11. Nxd6 cxd6 12. dxe6 fxe6 13. Bg3 d5 14. Bd3 Nc5 15. O-O Qb6 16. Bc2 Bf6 (16... Ne4 $11) 17. Be5 ({White should play} 17. Re1 $14) 17... Bxe5 18. Nxe5 Qxb2 19. f4 {[%emt 0:05:34] [#] And now Rb1 would win.} Nd7 20. Qd3 Qb6+ 21. Rf2 Nf6 (21... Nxe5 $2 22. Qxh7+ Kf7 23. fxe5+ Ke8 24. Raf1 Rxf2 25. Rxf2 $18) 22. Rb1 Qc5 23. Rb5 Qd6 {[%emt 0:04:11] [#] Strongly threatening ...Ba6.} (23... Qc7 $5 24. Rb3 Bd7 $11) 24. Qe3 Rb8 25. Rxb8 {[%emt 0:03:37] The position is equal.} Qxb8 26. Bd3 Qb6 27. Qxb6 axb6 28. Rc2 Nd7 29. Nxd7 Bxd7 {[%emt 0:00:01][%mdl 4096] Endgame KRB-KRB} 30. Rc7 Be8 31. Re7 Bg6 32. Bxg6 hxg6 {[%emt 0:00:01] KR-KR} 33. g3 Ra8 34. Rxe6 Kf7 35. Rd6 Rxa3 36. Rxd5 Ra1+ 37. Kg2 Ra2+ 38. Kh3 Rb2 39. Rd7+ Kg8 40. g4 Rb3+ 41. Kh4 Kh7 42. Rd6 Rb4 43. Kg5 Rb5+ $1 {[%emt 0:00:00][%mdl 32768] Weighted Error Value: White=0.10 (very precise) /Black=0.12 (very precise) . Loss on time!?} 1-0

[Event "German Bundesliga 2022-23"]
[Site "Germany"]
[Date "2022.10.23"]
[Round "1.14"]
[White "Thybo, Jesper Sondergaard"]
[Black "Bacrot, Etienne"]
[Result "1/2-1/2"]
[ECO "A14"]
[WhiteElo "2498"]
[BlackElo "2646"]
[Annotator "ChessBase"]
[PlyCount "80"]
[EventDate "2022.10.21"]
[EventType "team-tourn"]
[EventCountry "GER"]
[SourceTitle "playchess.com"]
[Source "ChessBase"]
[SourceQuality "1"]
[TimeControl "40/6000+30:3000+30"]

1. d4 d5 2. c4 e6 3. Nf3 Nf6 4. g3 Be7 5. Bg2 O-O 6. O-O c6 7. Nc3 a5 8. b3 b6 9. Bb2 Ba6 10. Nd2 b5 11. c5 b4 12. Ncb1 Nbd7 13. Nf3 Ne4 14. Re1 f5 15. a3 Bb5 16. Nfd2 e5 17. Nf3 exd4 18. Nxd4 Bxc5 19. e3 Bxd4 20. Qxd4 Qe7 21. axb4 axb4 22. Nd2 Ndf6 23. Nxe4 Nxe4 24. Rxa8 Rxa8 25. Ra1 Rxa1+ 26. Bxa1 h6 27. h3 Qf6 28. Bxe4 Qxd4 29. Bxd4 fxe4 30. Bc5 Be2 31. Bxb4 Bd1 32. h4 Bxb3 33. Kf1 Kf7 34. Ke2 h5 35. Bc5 Ke6 36. Kd2 Kf5 37. Ke2 Kg4 38. Ke1 Ba4 39. Ke2 g5 40. hxg5 Kxg5 1/2-1/2

[Event "German Bundesliga 2022-23"]
[Site "Germany"]
[Date "2022.10.22"]
[Round "1.14"]
[White "Popovic, Dusan"]
[Black "Cioara, Andrei-Nestor"]
[Result "1/2-1/2"]
[ECO "C00"]
[WhiteElo "2486"]
[BlackElo "2407"]
[Annotator "TA"]
[PlyCount "68"]
[EventDate "2022.10.21"]
[EventType "team-tourn"]
[EventCountry "GER"]
[SourceTitle "playchess.com"]
[Source "ChessBase"]
[SourceQuality "1"]
[TimeControl "40/6000+30:3000+30"]

1. Nf3 Nf6 2. g3 d5 3. Bg2 e6 4. O-O c5 5. d3 Nc6 6. Nbd2 Be7 7. e4 O-O 8. Re1 b5 9. e5 Nd7 10. Nf1 b4 11. h4 a5 12. h5 {[%emt 0:00:57] C00: French: Unusual White 2nd moves.} a4 {[%emt 0:00:21] has lost popularity (12...h6).} 13. h6 g6 14. a3 {[%emt 0:00:05] The position is equal.} Ba6 15. N1h2 bxa3 16. bxa3 c4 17. d4 c3 {[%emt 0:00:13] Prevents Bd2.} 18. Ng4 Na5 19. Bf4 Nc4 20. Qc1 Re8 21. Bf1 {[%emt 0:22:47] [#]} Qa5 $146 (21... Na5 $14) ({Predecessor:} 21... Nb2 22. Bxa6 Rxa6 23. Bg5 Nc4 24. Qf4 Rb6 25. Kg2 Rb2 26. Rec1 Bxg5 27. Nxg5 Rf8 {0-1 (37) Pahud,C (2071)-Moskalenko,V (2509) Barcelona 2001}) 22. Bg5 (22. Bxc4 $16 dxc4 23. Bg5) 22... Nd2 $1 $11 23. Bxd2 cxd2 24. Qxd2 ({But not} 24. Nxd2 Qc3 $17) 24... Qxd2 25. Nxd2 Bxf1 26. Kxf1 Rec8 {[%emt 0:00:13] Inhibits c4.} 27. Reb1 Ra7 {[%emt 0:04:15] Against Rb7} (27... Rxc2 $11 28. Ke2 Ra7) 28. Rb2 (28. c4 $14) 28... Rac7 29. Rab1 f5 (29... Rxc2 $2 30. Rxc2 Rxc2 31. Rb7 $18) 30. exf6 Nxf6 31. Nxf6+ Bxf6 32. Nf3 Be7 {[%emt 0:02:11] Prevents Rb4.} 33. Rb6 Bxa3 34. Ra1 Bf8 {[%emt 0:05:49] Weighted Error Value: White=0.11 (very precise) /Black=0.13 (very precise)} 1/2-1/2

[Event "German Bundesliga 2022-23"]
[Site "Germany"]
[Date "2022.10.23"]
[Round "1.15"]
[White "Donchenko, Alexander"]
[Black "Parvanyan, Ashot"]
[Result "1-0"]
[ECO "A17"]
[WhiteElo "2646"]
[BlackElo "2439"]
[Annotator "ChessBase"]
[PlyCount "79"]
[EventDate "2022.10.21"]
[EventType "team-tourn"]
[EventCountry "GER"]
[SourceTitle "playchess.com"]
[Source "ChessBase"]
[SourceQuality "1"]
[TimeControl "40/6000+30:3000+30"]

1. Nf3 Nf6 2. c4 e6 3. Nc3 d5 4. e3 a6 5. b3 Bd6 6. Bb2 O-O 7. Be2 b6 8. Qc2 Bb7 9. O-O c5 10. cxd5 exd5 11. d4 Nbd7 12. Rfd1 Qe7 13. Rac1 Rac8 14. dxc5 bxc5 15. Qf5 Qe6 16. Bd3 g6 17. Qg5 Ne5 18. Nxe5 Bxe5 19. Na4 Bxb2 20. Nxb2 Rc6 21. Be2 Rfc8 22. Bf3 R6c7 23. Qf4 Nd7 24. Nd3 c4 25. Nb4 Nf6 26. h4 a5 27. Nd3 Re7 28. Nb2 cxb3 29. Rxc8+ Bxc8 30. axb3 Rb7 31. Nd3 Qe7 32. Ne5 Bf5 33. Bxd5 Nxd5 34. Rxd5 Rxb3 35. Nc6 Qe4 36. Qh6 Rb8 37. f3 Qb1+ 38. Kh2 Be6 39. Ne7+ Kh8 40. Rh5 1-0

[Event "German Bundesliga 2022-23"]
[Site "Germany"]
[Date "2022.10.22"]
[Round "1.15"]
[White "Petrisor, Adrian-Marian"]
[Black "Dudin, Gleb"]
[Result "0-1"]
[ECO "C45"]
[WhiteElo "2404"]
[BlackElo "2471"]
[Annotator "ChessBase"]
[PlyCount "60"]
[EventDate "2022.10.21"]
[EventType "team-tourn"]
[EventCountry "GER"]
[SourceTitle "playchess.com"]
[Source "ChessBase"]
[SourceQuality "1"]
[TimeControl "40/6000+30:3000+30"]

1. e4 e5 2. Nf3 Nc6 3. d4 exd4 4. Nxd4 Bc5 5. Nb3 Bb6 6. Nc3 d6 7. Qe2 a5 8. Nd5 a4 9. Nxb6 cxb6 10. Nd2 Nf6 11. Qe3 O-O 12. Bd3 Re8 13. O-O Bf5 14. f3 d5 15. Qf2 Bg6 16. a3 Qd7 17. Qxb6 dxe4 18. fxe4 Nxe4 19. Nf3 Nf6 20. Bxg6 hxg6 21. Bg5 Ra6 22. Qf2 Ne4 23. Qh4 Nd4 24. Rae1 Rae6 25. Rd1 Ne2+ 26. Kh1 Qc7 27. c3 f6 28. Bc1 g5 29. Qh3 f5 30. Nxg5 Rh6 0-1

[Event "German Bundesliga 2022-23"]
[Site "Germany"]
[Date "2022.10.22"]
[Round "1.15"]
[White "Wong, Gengchun"]
[Black "Maurizzi, Marc`Andria"]
[Result "0-1"]
[ECO "B30"]
[WhiteElo "2195"]
[BlackElo "2521"]
[Annotator "ChessBase"]
[PlyCount "84"]
[EventDate "2022.10.21"]
[EventType "team-tourn"]
[EventCountry "GER"]
[SourceTitle "playchess.com"]
[Source "ChessBase"]
[SourceQuality "1"]
[TimeControl "40/6000+30:3000+30"]

1. e4 c5 2. Nf3 Nc6 3. Bb5 e6 4. O-O Nge7 5. d4 cxd4 6. Nxd4 Qb6 7. Nxc6 dxc6 8. Bd3 Ng6 9. Nd2 e5 10. Nc4 Qc7 11. a4 Be6 12. Be3 Nf4 13. Qf3 g5 14. Qg3 f6 15. Rfd1 h5 16. f3 g4 17. fxg4 hxg4 18. Bf1 Be7 19. Rd2 Kf7 20. Rad1 Rad8 21. Qf2 Rxd2 22. Rxd2 b5 23. axb5 cxb5 24. Na3 a6 25. Nb1 b4 26. c3 Qc6 27. cxb4 Qxe4 28. Nc3 Qxb4 29. Bxa6 Ra8 30. Bf1 Ra1 31. Rd1 Rxd1 32. Nxd1 Nd5 33. Bd2 Qb3 34. Qe1 e4 35. Kh1 Bc5 36. Nc3 e3 37. Bc1 Nxc3 38. bxc3 Qb1 39. Qh4 Qxc1 40. Qh7+ Kf8 41. Qh8+ Ke7 42. Qh7+ Bf7 0-1

[Event "German Bundesliga 2022-23"]
[Site "Germany"]
[Date "2022.10.23"]
[Round "1.16"]
[White "Pajeken, Jakob Leon"]
[Black "Movsesian, Sergei"]
[Result "0-1"]
[ECO "E67"]
[WhiteElo "2461"]
[BlackElo "2619"]
[Annotator "ChessBase"]
[PlyCount "68"]
[EventDate "2022.10.21"]
[EventType "team-tourn"]
[EventCountry "GER"]
[SourceTitle "playchess.com"]
[Source "ChessBase"]
[SourceQuality "1"]
[TimeControl "40/6000+30:3000+30"]

1. d4 Nf6 2. Nf3 g6 3. g3 Bg7 4. Bg2 O-O 5. O-O d6 6. c4 Nbd7 7. Nc3 e5 8. h3 Re8 9. Re1 exd4 10. Nxd4 Nb6 11. b3 d5 12. c5 Nbd7 13. c6 Ne5 14. cxb7 Bxb7 15. Ba3 h5 16. Na4 Ne4 17. Nc5 Nxc5 18. Bxc5 Nd7 19. b4 a5 20. a3 Nf6 21. Nb3 axb4 22. axb4 Rxa1 23. Qxa1 h4 24. g4 Nxg4 25. Qa7 Bc8 26. hxg4 Bxg4 27. Bd4 h3 28. Bxg7 hxg2 29. Bc3 Qh4 30. f3 Qh1+ 31. Kf2 Qh2 32. Rg1 Qh4+ 33. Kxg2 Bh3+ 34. Kh2 Bf1# 0-1

[Event "German Bundesliga 2022-23"]
[Site "Germany"]
[Date "2022.10.22"]
[Round "1.16"]
[White "Koellner, Ruben Gideon"]
[Black "Lutz, Ruben"]
[Result "1-0"]
[ECO "D02"]
[WhiteElo "2403"]
[BlackElo "2098"]
[Annotator "RC"]
[PlyCount "97"]
[EventDate "2022.10.21"]
[EventType "team-tourn"]
[EventCountry "GER"]
[SourceTitle "playchess.com"]
[Source "ChessBase"]
[SourceQuality "1"]
[TimeControl "40/6000+30:3000+30"]

1. d4 d5 2. Nf3 Nf6 3. Bf4 c5 4. e3 Nc6 5. Nbd2 cxd4 6. exd4 Qb6 7. Nb3 Bg4 8. Be2 e6 9. O-O Be7 10. a4 O-O 11. a5 Qd8 12. a6 b6 13. c3 Ne4 14. Ne5 Bxe2 15. Qxe2 Qc8 16. Qb5 Nxe5 17. dxe5 f6 18. Nd4 g5 19. exf6 Bxf6 20. Be3 Nd6 21. Qe2 e5 22. Nf3 g4 23. Nd2 Kh8 24. Rfd1 Qe6 25. Nf1 Rad8 26. Ra4 Rg8 27. Bc1 Ne4 28. Ng3 Nxg3 29. hxg3 h5 30. Be3 Rge8 31. Qb5 Qd7 32. Qb3 Kg7 33. Rb4 Qf7 34. Qa4 Qd7 35. Rb5 d4 36. cxd4 exd4 37. Bf4 d3 38. Qc4 Re2 39. Rb3 Qd4 40. Qxd4 Bxd4 41. Rbxd3 Bxf2+ 42. Kf1 Rde8 43. R3d2 Rxd2 44. Rxd2 Bc5 45. Rd7+ Kg6 46. Rxa7 h4 47. gxh4 Rf8 48. g3 Bd6 49. h5+ 1-0

[Event "German Bundesliga 2022-23"]
[Site "Germany"]
[Date "2022.10.22"]
[Round "1.16"]
[White "Kuznecovs, Nikita"]
[Black "Geirnaert, Steven"]
[Result "1-0"]
[ECO "A17"]
[WhiteElo "2301"]
[BlackElo "2399"]
[Annotator "RC"]
[PlyCount "37"]
[EventDate "2022.10.21"]
[EventType "team-tourn"]
[EventCountry "GER"]
[SourceTitle "playchess.com"]
[Source "ChessBase"]
[SourceQuality "1"]
[TimeControl "40/6000+30:3000+30"]

1. Nf3 Nf6 2. c4 e6 3. Nc3 Bb4 4. g4 O-O 5. g5 Ne8 6. Qb3 c5 7. d4 b6 8. a3 Ba5 9. Bg2 d5 10. dxc5 bxc5 11. O-O Nc7 12. Ne5 Bxc3 13. Qxc3 Qe7 14. Bf4 a5 15. Qg3 Ra7 16. Ng4 Rd8 17. Nf6+ Kh8 18. Be5 Ne8 19. Nxe8 1-0

[Event "German Bundesliga 2022-23"]
[Site "Germany"]
[Date "2022.10.23"]
[Round "2.1"]
[White "Maghsoodloo, Parham"]
[Black "Nisipeanu, Liviu-Dieter"]
[Result "1-0"]
[ECO "E05"]
[WhiteElo "2721"]
[BlackElo "2615"]
[Annotator "TA"]
[PlyCount "49"]
[EventDate "2022.10.21"]
[EventType "team-tourn"]
[EventCountry "GER"]
[SourceTitle "playchess.com"]
[Source "ChessBase"]
[SourceQuality "1"]
[TimeControl "40/6000+30:3000+30"]

1. d4 Nf6 2. c4 e6 3. Nf3 d5 4. g3 Be7 5. Bg2 O-O 6. O-O dxc4 7. Qc2 c5 8. dxc5 Nc6 {[%emt 0:00:06] E05: Open Catalan: 5 Nf3 Be7.} 9. Rd1 ({White should play} 9. Nbd2 $14) 9... Nb4 $11 10. Qa4 Nfd5 {[%emt 0:00:15] [#] White must now prevent ...Bd7. The position is equal.} 11. Ne5 $146 {[%emt 0:03:24] Inhibits Bd7. aiming for e4.} ({Predecessor:} 11. Rd2 Bd7 12. Qd1 Qc7 13. a3 Na6 14. Ne5 Qxe5 15. Bxd5 exd5 16. Rxd5 Qe6 17. Rxd7 Nxc5 18. Rxe7 Qxe7 {0-1 (31) Leer Salvesen,B (2373)-Houska,J (2401) Norway 2020}) 11... Qc7 12. a3 $1 Qxe5 13. axb4 {[%emt 0:00:28] e4 is the strong threat.} a5 14. Nc3 Nxb4 15. Ne4 f5 (15... Bxc5 $2 16. Bf4 Qxb2 17. Nxc5 $18) (15... Qc7 $11) 16. Nd6 $14 Qxc5 17. Be3 Qc7 18. Nxc8 Qxc8 (18... Raxc8 $2 19. Rd7 b5 20. Qxb5 $18) 19. Rd7 $36 {[%emt 0:00:19][%mdl 2048] White has good play.} b5 20. Qxb5 Rb8 21. Bb7 {[%emt 0:00:25] White has more active pieces. This bishop pair is nice.} Qe8 22. Rxa5 Nd5 (22... f4 $1 $14 23. Bxf4 Rf5) 23. Ba7 $18 {[%emt 0:04:26] White is clearly better.} (23. Bxd5 Rxb5 24. Bxe6+ Kh8 25. Rxb5 Bf6 26. Bxf5 Be5) 23... Rd8 {[%emt 0:04:45] [#]} (23... Nf6 $142) 24. Bc6 $1 {[%emt 0:01:11] Strongly threatening Rxd5.} ({Don't do} 24. Bxd5 $6 exd5 25. Qxd5+ (25. Rxd5 Qxb5 26. Raxb5 Rxd5 $16) 25... Qf7 26. Qxf7+ Rxf7 $16) 24... Qf7 25. Qxc4 {[%emt 0:02:02] Weighted Error Value: White=0.06 (flawless) /Black=0.19 (very precise)} ({Resist} 25. Bxd5 $6 exd5 26. Qxd5 (26. Rxd5 Rxd5 27. Qxd5 Qxd5 $16) 26... Rxd7 27. Qxd7 Bd8 $16) 1-0

[Event "German Bundesliga 2022-23"]
[Site "Germany"]
[Date "2022.10.23"]
[Round "2.1"]
[White "Eljanov, Pavel"]
[Black "Ivanchuk, Vasyl"]
[Result "1-0"]
[ECO "D12"]
[WhiteElo "2697"]
[BlackElo "2678"]
[Annotator "TA"]
[PlyCount "45"]
[EventDate "2022.10.21"]
[EventType "team-tourn"]
[EventCountry "GER"]
[SourceTitle "playchess.com"]
[Source "ChessBase"]
[SourceQuality "1"]
[TimeControl "40/6000+30:3000+30"]

1. d4 d5 2. c4 c6 3. Nf3 Nf6 4. e3 Bf5 5. Nc3 e6 6. Nh4 Bg6 7. Be2 {[%emt 0:02:52] D12: Slav Defence: 3 Nf3 Nf6 4 e3 Bf5.} Nbd7 8. O-O dxc4 9. Bxc4 {[%emt 0:04:19] The position is equal.} Bh5 10. Be2 Bxe2 11. Qxe2 c5 12. Rd1 cxd4 13. exd4 {[%emt 0:03:50] d5 is the strong threat.} Nb6 {[%emt 0:03:01] Inhibits d5.} 14. Nf5 {[%emt 0:04:24][%cal Od4d5,Bh4f5,Bf5g3,Bg3h5][%mdl 32] [#]} Nfd5 $146 {[%emt 0:17:47] [#]} ({Predecessor:} 14... Qd7 15. Qe5 Nc4 16. Qe2 Nb6 17. d5 Nfxd5 18. Nxd5 Nxd5 19. Bg5 f6 20. Ne3 Be7 21. Bxf6 gxf6 {½-½ (32) Gomez,J (2538)-Debashis,D (2392) Mashhad 2011}) 15. Ne4 $1 h6 {[%emt 0:00:08] [#] Against Bg5} 16. a4 $1 {[%emt 0:18:21] Hoping for Nc5.} a6 17. Nc5 {[%emt 0:03:31][%cal Oc5e6] Threatens to win with Nxe6! White has more active pieces. The black rooks are badly placed.} Qf6 18. Ng3 Rb8 19. Ra3 {[%emt 0:03:50] aiming for Rb3.} Nd7 {[%emt 0:00:53] [#]} (19... Bd6 $16) 20. Nh5 $1 $18 Qf5 {[%emt 0:01:24] [#]} 21. Rf3 $1 Qxh5 22. Nxe6 Ne7 (22... fxe6 $142 23. Rxf8+ Kxf8 24. Qxh5 N7f6) 23. Re1 {[%emt 0:02:29] Weighted Error Value: White=0.04 (flawless) /Black=0.29 (precise)} 1-0

[Event "German Bundesliga 2022-23"]
[Site "Germany"]
[Date "2022.10.23"]
[Round "2.1"]
[White "Grandelius, Nils"]
[Black "Vitiugov, Nikita"]
[Result "1/2-1/2"]
[ECO "D43"]
[WhiteElo "2651"]
[BlackElo "2722"]
[Annotator "TA"]
[PlyCount "40"]
[EventDate "2022.10.21"]
[EventType "team-tourn"]
[EventCountry "GER"]
[SourceTitle "playchess.com"]
[Source "ChessBase"]
[SourceQuality "1"]
[TimeControl "40/6000+30:3000+30"]

1. d4 Nf6 2. Nf3 d5 3. c4 e6 4. Nc3 c6 5. Qd3 dxc4 6. Qxc4 b5 7. Qd3 Bb7 8. e4 {[%emt 0:01:17] D43: Semi-Slav: 5 Bg5 h6.} b4 9. Na4 Qa5 10. b3 c5 11. e5 Nfd7 12. dxc5 {[%emt 0:10:31] [#]} Nxc5 $146 ({Predecessor:} 12... Nc6 13. Bf4 Bxc5 14. Rd1 Rd8 15. Qb5 Qxb5 16. Bxb5 Be7 17. O-O O-O 18. Rc1 Rc8 {½-½ (41) Neagu,L (2556)-Stephan,J (2561) ICCF email 2012}) 13. Qb5+ Qxb5 14. Bxb5+ Ncd7 15. Bf4 a6 16. Bd3 Nc5 17. Nxc5 Bxc5 18. Rc1 Nd7 19. Ke2 h6 20. h4 Ke7 {[%emt 0:00:43] A balanced but interesting game.  Weighted Error Value: White=0.05 (flawless) /Black=0.02 (flawless)} 1/2-1/2

[Event "German Bundesliga 2022-23"]
[Site "Germany"]
[Date "2022.10.23"]
[Round "2.1"]
[White "Brkic, Ante"]
[Black "Navara, David"]
[Result "1/2-1/2"]
[ECO "C67"]
[WhiteElo "2602"]
[BlackElo "2676"]
[Annotator "TA"]
[PlyCount "61"]
[EventDate "2022.10.21"]
[EventType "team-tourn"]
[EventCountry "GER"]
[SourceTitle "playchess.com"]
[Source "ChessBase"]
[SourceQuality "1"]
[TimeControl "40/6000+30:3000+30"]

1. e4 e5 2. Nf3 Nc6 3. Bb5 Nf6 4. O-O Nxe4 5. Re1 Nd6 6. Nxe5 Be7 7. Bf1 Nxe5 8. Rxe5 O-O 9. Nc3 {[%emt 0:00:50] C67: Ruy Lopez: Berlin Defence: 4 0-0 Nxe4.} Bf6 10. Re1 Re8 11. Nd5 {[%emt 0:01:48] White has an edge.} Rxe1 12. Qxe1 b6 13. d3 Bb7 14. Nxf6+ Qxf6 15. Qe3 c5 16. Qf4 Nf5 17. c3 Re8 18. Bd2 h6 19. h3 g5 20. Qg4 {[%emt 0:04:15] [#]} Bc6 $146 ({Predecessor:} 20... Kg7 21. b4 Kg6 22. Rb1 d6 23. Qd1 Nh4 24. a4 Kh7 25. Qg4 Bf3 26. Qg3 Rg8 27. bxc5 dxc5 {½-½ (37) Klimczak,J (2300)-Siburian,C (2294) ICCF email 2020}) 21. f4 $1 Ne3 22. fxg5 $1 Qxf1+ (22... Qxg5 $2 23. Qxg5+ hxg5 24. Re1 $18) ({Resist} 22... hxg5 23. Qe2 Qe7 24. Re1 Nxf1 25. Qxf1 $16 (25. Qxe7 Rxe7 26. Rxe7 Nxd2 $16)) 23. Rxf1 {[%emt 0:00:05] [#] Bxe3 would kill now.} Nxg4 24. hxg4 $11 {[%emt 0:00:05][%mdl 4096] Endgame KRB-KRB} Re2 25. Rf2 Rxf2 26. Kxf2 hxg5 27. Bxg5 $14 {[%emt 0:00:09] KB-KB} Kf8 28. g3 Bd5 29. a3 Bb3 30. Ke3 d6 31. Bf6 {[%emt 0:00:43] Weighted Error Value: White=0.03 (flawless) /Black=0.03 (flawless)} 1/2-1/2

[Event "German Bundesliga 2022-23"]
[Site "Germany"]
[Date "2022.10.23"]
[Round "2.2"]
[White "Keymer, Vincent"]
[Black "Svane, Rasmus"]
[Result "1/2-1/2"]
[ECO "D35"]
[WhiteElo "2700"]
[BlackElo "2615"]
[Annotator "TA"]
[PlyCount "87"]
[EventDate "2022.10.21"]
[EventType "team-tourn"]
[EventCountry "GER"]
[SourceTitle "playchess.com"]
[Source "ChessBase"]
[SourceQuality "1"]
[TimeControl "40/6000+30:3000+30"]

1. d4 Nf6 2. c4 e6 3. Nf3 d5 4. cxd5 exd5 5. Nc3 c6 6. Bf4 Bf5 7. e3 Nbd7 {[%emt 0:00:45] D35: Queen's Gambit Declined: Exchange Variation.} 8. h3 {[%emt 0:00:14] is the new trend.} Qb6 9. Bd3 Bxd3 {[%emt 0:00:16] Black has an edge.} 10. Qxd3 Be7 11. O-O O-O {[%emt 0:00:08] [#]} 12. Nh4 $146 ({Predecessor:} 12. g4 Rfe8 13. g5 Ne4 14. Nxe4 dxe4 15. Qxe4 Bxg5 16. Qf5 Bxf4 17. Qxf4 Re6 18. b3 {1-0 (40) Degtiarev,E (2378)-Dalberg,P (2190) Copenhagen 2006}) 12... g6 (12... Qxb2 13. Rab1 Qa3 14. Rb3 $16 (14. Rxb7 Bb4 $11)) 13. Nf3 Rfe8 ({Much less strong is} 13... Qxb2 14. Rab1 Qa3 15. Rb3 $16 (15. Rxb7 Bb4 $15)) 14. Qc2 Qd8 15. Rad1 Nb6 16. Ne5 Nh5 17. Bh2 Bd6 18. Qb3 f6 19. Nd3 Bxh2+ 20. Kxh2 Qc7+ 21. Kg1 Qf7 22. Qb4 Rad8 23. Nc5 Re7 24. Qa5 Ra8 25. b3 {[%emt 0:02:18] Against Nc4} Nc8 26. Qa3 Nd6 27. Nd3 Rd7 28. Rfe1 Ng7 29. e4 Nxe4 30. Nxe4 dxe4 31. Rxe4 Nf5 32. Rde1 b6 33. Nf4 Nd6 ({Of course not} 33... Nxd4 $6 34. Qb2 c5 35. Ne6 $15) ({Don't do} 33... Rxd4 34. Rxd4 Nxd4 35. Re7 $16) 34. R4e3 Nb5 35. Qc1 Nxd4 36. Ne6 {[%emt 0:00:04] [#] aiming for Nxd4.} c5 37. Kh2 Nf5 38. R3e2 Nd4 (38... Re7 $17) 39. Re4 ({White should play} 39. Re3 $1 $11) 39... Nf5 (39... Nc6 $15) 40. Qf4 (40. R4e2 $1 $11) 40... Nd6 41. R4e2 Nf5 42. Re4 Nd6 43. R4e2 Nf5 44. Re4 {[%emt 0:05:32] Weighted Error Value: White=0.10 (very precise) /Black=0.11 (very precise)} (44. Qc1 $11) 1/2-1/2

[Event "German Bundesliga 2022-23"]
[Site "Germany"]
[Date "2022.10.23"]
[Round "2.2"]
[White "Nguyen, Thai Dai Van"]
[Black "Markus, Robert"]
[Result "1-0"]
[ECO "E94"]
[WhiteElo "2634"]
[BlackElo "2615"]
[Annotator "TA"]
[PlyCount "81"]
[EventDate "2022.10.21"]
[EventType "team-tourn"]
[EventCountry "GER"]
[SourceTitle "playchess.com"]
[Source "ChessBase"]
[SourceQuality "1"]
[TimeControl "40/6000+30:3000+30"]

1. d4 Nf6 2. c4 d6 3. Nc3 e5 4. Nf3 Nbd7 5. e4 g6 6. Be2 Bg7 7. O-O O-O 8. Be3 c6 9. d5 Qe7 10. Qc2 Ng4 {[%emt 0:01:12] E94: King's Indian: Classical: 6 Be2 e5 7 0-0: Various Black 7th moves.} 11. Bg5 f6 12. Bd2 Nh6 {[%emt 0:01:53] White is slightly better.} 13. b4 {[%emt 0:03:28] White is much more active.} Nf7 {[%emt 0:02:29] [#]} 14. dxc6 $146 ({Predecessor:} 14. Rab1 c5 15. a3 b6 16. Bd3 Nb8 17. Nb5 Na6 18. Ne1 Bd7 19. f4 Rfc8 20. Qb3 {0-1 (52) Radovanovic,J (2367)-Damljanovic,B (2543) Banja Vrujci 2017}) 14... bxc6 15. Rab1 Bb7 16. Rfd1 Rfd8 17. Be3 Bh6 18. Bxh6 Nxh6 19. Nd2 Nf8 20. Nb3 Ne6 {[%emt 0:06:31] Inhibits c5.} 21. c5 dxc5 22. Nxc5 Rxd1+ 23. Nxd1 Nxc5 24. Qxc5 Kf8 25. Qe3 Nf7 26. Nc3 a5 27. bxa5 Rxa5 28. a4 $36 {[%emt 0:01:07][%mdl 2048] White is on the roll.} Qc7 29. h4 Ba6 {[%emt 0:02:19] Against Bc4} 30. Bg4 Bc8 {[%emt 0:02:29] Prevents Be6.} 31. Bxc8 Qxc8 32. Qb6 {[%emt 0:00:15] Against Qc7} Ra8 {[%emt 0:02:15] [#]} (32... Ra6 $16 33. Qc5+ Kg7) 33. Qc5+ $1 $18 Kg7 {[%emt 0:00:09] [#]} 34. Rb6 $1 Ra6 35. a5 Qa8 36. Qb4 Qc8 (36... Rxa5 37. Rb8 c5 38. Rxa8 cxb4 39. Rxa5 bxc3) 37. Rxa6 Qxa6 38. Na4 {[%emt 0:00:13] Threatens to win with Nc5.} Qe2 39. Nc5 {[%emt 0:00:06] Ne6+ would kill now.} Qa2 {[%emt 0:00:55] Against Ne6+} 40. Nd7 Kh6 41. g4 {[%emt 0:51:53] Weighted Error Value: White=0.05 (flawless) /Black=0.35} 1-0